 Dungeon Crawl Stone Soup version 0.22-a0-247-gbddf880 (webtiles) character file.

22 wolfsongas the Conjurer (level 2, -3/23 HPs)
             Began as a Gnoll Wanderer on Feb 23, 2018.
             Slain by a gnoll
             ... wielding a +0 halberd
              (15 damage)
             ... on level 2 of the Dungeon.
             The game lasted 00:01:37 (1263 turns).

wolfsongas the Conjurer (Gnoll Wanderer)            Turns: 1263, Time: 00:01:37

Health: -3/23      AC:  5    Str: 15    XL:     2   Next: 91%
Magic:  3/3        EV: 10    Int: 16    God:
Gold:   84         SH:  0    Dex: 11    Spells: 2/2 levels left

rFire    . . .     SeeInvis .   c - +0 mace
rCold    . . .     Gourm    .   (no shield)
rNeg     . . .     Faith    .   l - +0 ring mail
rPois    .         Spirit   .   (no helmet)
rElec    .         Reflect  .   (no cloak)
rCorr    .         Harm     .   (no gloves)
MR       .....                  (no boots)
Stlth    +.........             (no amulet)
HPRegen  0.07/turn              (no ring)
MPRegen  0.08/turn              (no ring)

@: no status effects
A: distributed training, fangs 1, strong nose
a: no special abilities


You were on level 2 of the Dungeon.
You were not hungry.

You visited 1 branch of the dungeon, and saw 2 of its levels.

You collected 84 gold pieces.

Inventory:

Hand Weapons
 c - a +0 mace (weapon)
Armour
 l - a +0 ring mail (worn)
Potions
 b - a potion of heal wounds {unknown}
 f - 2 potions of lignification
 h - 2 potions of curing
 i - a potion of magic {unknown}
 k - 2 potions of haste
Comestibles
 a - 3 rations


   Skills:
 + Level 2.5 Fighting
 + Level 0.5 Short Blades
 + Level 0.5 Long Blades
 + Level 0.5 Axes
 + Level 4.5 Maces & Flails
 + Level 0.5 Polearms
 + Level 0.5 Staves
 + Level 0.5 Slings
 + Level 0.5 Bows
 + Level 0.5 Crossbows
 + Level 0.5 Throwing
 + Level 0.5 Armour
 + Level 0.5 Dodging
 + Level 0.5 Stealth
 + Level 2.5 Shields
 + Level 0.5 Unarmed Combat
 + Level 0.5 Spellcasting
 + Level 5.4 Conjurations
 + Level 0.4 Hexes
 + Level 0.4 Charms
 + Level 3.7 Summonings
 + Level 0.4 Necromancy
 + Level 0.4 Translocations
 + Level 0.4 Transmutations
 + Level 0.4 Fire Magic
 + Level 0.4 Ice Magic
 + Level 0.4 Air Magic
 + Level 0.4 Earth Magic
 + Level 0.4 Poison Magic
 + Level 0.7 Invocations
 + Level 2.5 Evocations


You had 2 spell levels left.
You didn't know any spells.

Dungeon Overview and Level Annotations

Branches:
Dungeon (2/15)

Altars:


Innate Abilities, Weirdness & Mutations

Your experience applies equally to all skills.
You have very sharp teeth.
Your uncanny sense of smell can sniff out nearby items.


Message History

The gnoll throws a throwing net.
Your memorisation is interrupted.
The throwing net hits you.
You become entangled in the net!
You struggle against the net.
You struggle against the net.
You struggle against the net.
You struggle against the net.
The gnoll barely misses you.
You rip the net and break free!
The gnoll barely misses you.
There is a stone staircase leading up here.
You don't know any spells.
Unknown command.
You don't know any spells.
The gnoll hits you with a halberd!
You hit the gnoll. You bite the gnoll, but do no damage.
The gnoll is moderately wounded.
The gnoll closely misses you.
You hit the gnoll.
The gnoll is severely wounded.
The gnoll hits you with a halberd!
Ouch! That really hurt!
You die...

∆ +# ∆ .#
.#####
#####......
#..........
#..........
#..........
+......(...
#.@g.......
#<#######..
#.# #.. ∆
####


You could see a gnoll.

Vanquished Creatures
  A leopard gecko (D:1)
  4 bats (D:1)
  4 goblins (D:1)
  2 hobgoblins (D:1)
  2 frilled lizards (D:1)
  5 kobolds (D:1)
  4 rats (D:1)
22 creatures vanquished.

Notes
Turn   | Place    | Note
-------+----------+-------------------------------------------
     0 | D:1      | wolfsongas the Gnoll Wanderer began the quest for the Orb.
     0 | D:1      | wolfsongas set off with: a ration, a +0 mace, a +0 robe
     0 | D:1      | Reached XP level 1. HP: 17/17 MP: 2/2
   194 | D:1      | Reached XP level 2. HP: 21/23 MP: 3/3
  1263 | D:2      | Slain by a gnoll

Vault maps used:
D:1:      dpeg_arrival_shrine, minmay_octomino_c4
D:2:      serial_undead, serial_undead_e, serial_undead_a, serial_undead_a,
          serial_undead_d, serial_undead_f, serial_undead_f, serial_undead_e

Action                   || total
-------------------------++-------
Melee: Mace              ||    58
       Bite              ||     4
  Use: Scroll            ||     4
 Stab: Sleeping          ||     1
  Eat: Ration            ||     1
Armor: Robe              ||    14
       Ring mail         ||     2
Dodge: Dodged            ||    43

Table legend:
 A = Spawn XP
 B = Non-spawn XP
 C = Spawn XP percentage of total XP
 D = Spawn monster count
 E = Non-spawn monster count
 F = Spawn count percentage of total count
 G = Total turns spent on level
                    A         B        C        D         E        F      G
               +---------+---------+-------+---------+---------+-------+---------
         Total |       0 |      32 |   0.0 |       0 |      22 |   0.0 |  1263
               +---------+---------+-------+---------+---------+-------+---------
           D:1 |       0 |      32 |   0.0 |       0 |      22 |   0.0 |  1250
               +---------+---------+-------+---------+---------+-------+---------
